 Dungeon Crawl Stone Soup version 0.19.1-1-g22dce08 (webtiles) character file.

100 lofty the Charmwright (level 4, 0/33 HPs)
             Began as a Vampire Skald on Dec 29, 2016.
             Slain by an orc
             ... wielding a +2 flail of protection
              (3 damage)
             ... on level 3 of the Dungeon.
             The game lasted 00:12:12 (1421 turns).

lofty the Charmwright (Vampire Skald)               Turns: 1421, Time: 00:12:13

Health: 0/33       AC:  4    Str: 12    XL:     4   Next: 46%
Magic:  14/16      EV: 12    Int: 14    God:
Gold:   92         SH:  0    Dex: 13    Spells: 3 memorised, 2 levels left

rFire  . . .     SeeInvis +     n - +1 dagger (flame)
rCold  . . .     Gourm    .     b - +0 leather armour
rNeg   + . .     Faith    .     (no shield)
rPois  .         Spirit   .     (no helmet)
rElec  .         Reflect  .     g - +0 cloak
rCorr  .         Harm     .     (no gloves)
MR     .....                    (no boots)
Stlth  +.........               (no amulet)
                                f - ring of magical power
                                e - +4 ring of slaying

@: no status effects
A: fangs 3, see invisible, unbreathing
a: Bat Form


You were on level 3 of the Dungeon.
You were not thirsty.

You visited 1 branch of the dungeon, and saw 3 of its levels.

You collected 119 gold pieces.
You paid 27 gold pieces to Gozag.

Inventory:

Hand Weapons
 a - a +0 falchion
 k - a +0 hunting sling
 n - a +1 dagger of flaming (weapon)
Missiles
 l - 41 stones (quivered)
 m - 6 javelins
Armour
 b - a +0 leather armour (worn)
 g - a +0 cloak (worn)
Jewellery
 e - a +4 ring of slaying (left hand)
 f - a ring of magical power (right hand)
Scrolls
 h - a scroll of identify {unknown}
 j - 3 scrolls of remove curse {unknown}
 o - a scroll of random uselessness {unknown}
Potions
 d - a potion of blood
 i - a potion of curing {unknown}
Books
 c - a book of Battle

   Spells                             Type                      Level
   a - Infusion                       Charms                       1
   b - Shroud of Golubria             Charms/Translocation         2
   c - Song of Slaying                Charms                       2
   d - Spectral Weapon                Hexes/Charms                 3
   e - Regeneration                   Charms/Necromancy            3


   Skills:
 + Level 2.1 Fighting
 + Level 2.8 Long Blades
 + Level 1.2 Armour
 + Level 2.0 Dodging
 + Level 0.9 Stealth
 + Level 2.6 Spellcasting
 + Level 4.0 Charms


You had 2 spell levels left.
You knew the following spells:

 Your Spells              Type           Power        Failure   Level  Hunger
a - Infusion              Chrm           ##..         8%          1    #......
b - Shroud of Golubria    Chrm/Tloc      #.........   21%         2    ###....
c - Spectral Weapon       Hex/Chrm       #.......     38%         3    ###....


Dungeon Overview and Level Annotations

Branches:
Dungeon (3/15)

Altars:
Ashenzari
Gozag
Nemelex Xobeh

Shops:
D:2 *


Innate Abilities, Weirdness & Mutations

You have razor-sharp teeth.
You have supernaturally acute eyesight. (SInv)
You can survive without breathing.


Message History

You barely miss the howler monkey.
The howler monkey is almost dead.
The howler monkey hits you!
Your shroud falls apart!
The howler monkey closely misses you. The orc hits you with a club!
* * * LOW HITPOINT WARNING * * *
You hit the howler monkey. You burn the howler monkey.
You kill the howler monkey!
Your Armour skill increases to level 1!
Your Dodging skill increases to level 2!
Your Charms skill increases to level 4!
You have reached level 4!
The orc hits you but does no damage.
The orc hits you with a flail of protection.
* * * LOW HITPOINT WARNING * * *
You hit the orc. You burn the orc.
The orc is moderately wounded.
The orc hits you but does no damage.
The orc hits you with a flail of protection.
You die...

#########
##.......#.#
#..........#
#...@o.....#
#....o.......
#............
#............
#............
#............
##########...
...


You could see 2 orcs.

Vanquished Creatures
  A howler monkey (D:3)
  2 adders (D:2)
  An ooze (D:1)
  3 leopard geckos (D:1)
  5 bats (D:1)
  A giant cockroach (D:1)
  2 goblins
  2 hobgoblins (D:1)
  4 jackals (D:1)
  2 frilled lizards (D:1)
  6 kobolds
  6 rats
35 creatures vanquished.

Notes
Turn   | Place    | Note
-------+----------+-------------------------------------------
     0 | D:1      | lofty the Vampire Skald began the quest for the Orb.
     0 | D:1      | Reached XP level 1. HP: 16/16 MP: 3/3
   144 | D:1      | Reached XP level 2. HP: 22/22 MP: 5/5
   148 | D:1      | Learned a level 2 spell: Shroud of Golubria
   435 | D:1      | Reached XP level 3. HP: 26/27 MP: 6/6
   444 | D:1      | Learned a level 3 spell: Spectral Weapon
   883 | D:2      | Found Gozag's Platinum Reserve.
   883 | D:2      | Found an opulent altar of Gozag.
   905 | D:2      | Became a worshipper of Gozag Ym Sagoz the Greedy
   998 | D:2      | Fell from the grace of Gozag
  1157 | D:2      | Found a sparkling altar of Nemelex Xobeh.
  1157 | D:2      | Found an opulent altar of Gozag.
  1157 | D:2      | Found a shattered altar of Ashenzari.
  1420 | D:3      | Reached skill level 1 in Armour
  1420 | D:3      | Reached skill level 4 in Charms
  1420 | D:3      | Reached XP level 4. HP: 3/33 MP: 7/7
  1421 | D:3      | Slain by an orc

Skill      XL: |  1  2  3 |
---------------+----------+-----
Fighting       | 2 |  2.1
Armour         | 1 |  1.2
Dodging        | 2 |  2.0
Charms         | 4 |  4.0
Long Blades    | |  2.8
Stealth        | |  0.9
Spellcasting   | |  2.6

Action                   |  1- 3 |  4- 6 || total
-------------------------+-------+-------++-------
Melee: Falchion          |    44 |       ||    44
       Bite              |     6 |       ||     6
       Dagger            |    17 |     1 ||    18
 Cast: Infusion          |     5 |       ||     5
       Shroud of Golubri |     2 |       ||     2
Invok: Renounce Religion |     1 |       ||     1
 Stab: Sleeping          |     1 |       ||     1
  Eat: Corpse            |     5 |       ||     5
Armor: Leather armour    |    16 |     1 ||    17
Dodge: Dodged            |    55 |       ||    55
       Rpst.: Falchion   |    15 |       ||    15
